3AA
ATLANTIC CITY SONICS @ FT. POLK SOUTH THUNDER HAWKS
07/26/2020
 
TOP OF THE 1ST
Atlantic City Sonics batting - Pitching for Ft. Polk South Thunder Hawks : RHP Larry Neal
Pitching: RHP Larry Neal
Batting: RHB Josh Stafford 0-0: Called Strike
0-1: Swinging Strike
0-2: Ball
1-2: Foul Ball, location: 2F
1-2: Ground out 5-3 (Groundball, 5L)
Batting: RHB Edgar Stephenson 0-0: Called Strike
0-1: Called Strike
0-2: Strikes out swinging
Batting: SHB Jesús Cabañe 0-0: Ground out 4-3 (Groundball, 4)
Top of the 1st over - 0 run(s), 0 hit(s), 0 error(s), 0 left on base; Atlantic City 0 - Ft. Polk South 0
BOTTOM OF THE 1ST
Ft. Polk South Thunder Hawks batting - Pitching for Atlantic City Sonics : RHP R.J. Anderson
Pitching: RHP R.J. Anderson
Batting: RHB Jim Unknown 0-0: Called Strike
0-1: Ball
1-1: Called Strike
1-2: Ball
2-2: Strikes out swinging
Batting: RHB Steven Grant 0-0: Ball
1-0: Ball
2-0: Fly out, F9 (Flyball, 89M)
Batting: RHB Aurelio Annunziato 0-0: Called Strike
0-1: Ground out 6-3 (Groundball, 6M)
Bottom of the 1st over - 0 run(s), 0 hit(s), 0 error(s), 0 left on base; Atlantic City 0 - Ft. Polk South 0
TOP OF THE 2ND
Atlantic City Sonics batting - Pitching for Ft. Polk South Thunder Hawks : RHP Larry Neal
Batting: LHB Neal Hart 0-0: Fly out, F9 (Flyball, 9D)
Batting: LHB Pedro López 0-0: Ball
1-0: Ball
2-0: Ball
3-0: Called Strike
3-1: Called Strike
3-2: Base on Balls
Batting: LHB Kip Burks 0-0: Ball
1-0: Swinging Strike
1-1: Foul Ball, location: 2F
1-2: Strikes out swinging
Batting: RHB César Ramírez 0-0: Ball
1-0: Foul Ball, location: 2F
1-1: Swinging Strike
1-2: Ball
2-2: Fielders Choice at 2nd, 6-4 (Groundball, 6)
Top of the 2nd over - 0 run(s), 0 hit(s), 0 error(s), 0 left on base; Atlantic City 0 - Ft. Polk South 0
BOTTOM OF THE 2ND
Ft. Polk South Thunder Hawks batting - Pitching for Atlantic City Sonics : RHP R.J. Anderson
Batting: SHB Ted Hansen 0-0: Swinging Strike
0-1: SINGLE (Line Drive, 9LS)
Batting: SHB Paul Wright 0-0: Called Strike
0-1: Ball
1-1: Called Strike
1-2: Ball
2-2: Fly out, F7 (Flyball, 7M)
Batting: RHB Clark Calhoun 0-0: Ball
1-0: Called Strike
1-1: Foul Ball, location: 2F
1-2: Fly out, F7 (Line Drive, 7S)
Batting: RHB Alfredo González 0-0: Ball
1-0: Fly out, F5 (Popup, 5F)
Bottom of the 2nd over - 0 run(s), 1 hit(s), 0 error(s), 1 left on base; Atlantic City 0 - Ft. Polk South 0
TOP OF THE 3RD
Atlantic City Sonics batting - Pitching for Ft. Polk South Thunder Hawks : RHP Larry Neal
Batting: RHB Bob Ethridge 0-0: Called Strike
0-1: Fly out, F8 (Popup, 8LS)
Batting: RHB Leonard Jones 0-0: Called Strike
0-1: Ball
1-1: SINGLE (Groundball, 4D)
Batting: RHB Josh Stafford 0-0: Ball
1-0: Ball
Leonard Jones steals 2nd base
2-0: Foul Ball, location: 2F
2-1: Fly out, F9 (Flyball, 89M)
Batting: RHB Edgar Stephenson 0-0: Ball
1-0: Swinging Strike
1-1: Swinging Strike
1-2: Foul Ball, location: 2F
1-2: Strikes out swinging
Top of the 3rd over - 0 run(s), 1 hit(s), 0 error(s), 1 left on base; Atlantic City 0 - Ft. Polk South 0
BOTTOM OF THE 3RD
Ft. Polk South Thunder Hawks batting - Pitching for Atlantic City Sonics : RHP R.J. Anderson
Batting: RHB Henry Weber 0-0: Foul Ball, location: 2F
0-1: Ball
1-1: Ball
2-1: Ball
3-1: Fly out, F4 (Popup, 34)
Batting: RHB Tim Norris 0-0: Foul Ball, location: 2F
0-1: Swinging Strike
0-2: Strikes out looking
Batting: RHB Jim Unknown 0-0: Swinging Strike
0-1: Ball
1-1: Ball
2-1: Called Strike
2-2: Ball
3-2: Base on Balls
Batting: RHB Steven Grant 0-0: Ball
1-0: Fly out, F7 (Popup, 6D)
Bottom of the 3rd over - 0 run(s), 0 hit(s), 0 error(s), 1 left on base; Atlantic City 0 - Ft. Polk South 0
TOP OF THE 4TH
Atlantic City Sonics batting - Pitching for Ft. Polk South Thunder Hawks : RHP Larry Neal
Batting: SHB Jesús Cabañe 0-0: Ball
1-0: Swinging Strike
1-1: Called Strike
1-2: Ball
2-2: Strikes out swinging
Batting: LHB Neal Hart 0-0: Swinging Strike
0-1: Ball
1-1: Fly out, F7 (Flyball, 7LMF)
Batting: LHB Pedro López 0-0: Ball
1-0: Foul Ball, location: 2F
1-1: Fly out, F7 (Flyball, 7M)
Top of the 4th over - 0 run(s), 0 hit(s), 0 error(s), 0 left on base; Atlantic City 0 - Ft. Polk South 0
BOTTOM OF THE 4TH
Ft. Polk South Thunder Hawks batting - Pitching for Atlantic City Sonics : RHP R.J. Anderson
Batting: RHB Aurelio Annunziato 0-0: Ground out 5-3 (Groundball, 5S)
Batting: SHB Ted Hansen 0-0: Foul Ball, location: 2F
0-1: Ball
1-1: Ball
2-1: Ball
3-1: Base on Balls
Batting: SHB Paul Wright 0-0: Ground out 4-3 (Groundball, 4M)
Ted Hansen to second
Batting: RHB Clark Calhoun 0-0: SINGLE (Line Drive, 56D)
Ted Hansen to third
Runner from 3rd tries for Home, SAFE, no throw or cutoff
Batting: RHB Alfredo González 0-0: Called Strike
0-1: Foul Ball, location: 2F
0-2: Ball
1-2: Foul Ball, location: 2F
1-2: Foul Ball, location: 2F
1-2: Ground out 6-3 (Groundball, 6)
Bottom of the 4th over - 1 run(s), 1 hit(s), 0 error(s), 1 left on base; Atlantic City 0 - Ft. Polk South 1
TOP OF THE 5TH
Atlantic City Sonics batting - Pitching for Ft. Polk South Thunder Hawks : RHP Larry Neal
Batting: LHB Kip Burks 0-0: Ball
1-0: Called Strike
1-1: Called Strike
1-2: Ball
2-2: Strikes out swinging
Batting: RHB César Ramírez 0-0: Foul Ball, location: 2F
0-1: Ground out 6-3 (Groundball, 6M)
Batting: RHB Bob Ethridge 0-0: Fly out, F3 (Popup, 3F)
Top of the 5th over - 0 run(s), 0 hit(s), 0 error(s), 0 left on base; Atlantic City 0 - Ft. Polk South 1
BOTTOM OF THE 5TH
Ft. Polk South Thunder Hawks batting - Pitching for Atlantic City Sonics : RHP R.J. Anderson
Batting: RHB Henry Weber 0-0: Called Strike
0-1: Called Strike
0-2: Ball
1-2: Foul Ball, location: 2F
1-2: Ball
2-2: Foul Ball, location: 2F
2-2: Strikes out swinging wild pitch, reaches first!
Batting: RHB Tim Norris 0-0: Bunted foul
0-1: Ball
1-1: Bunted foul
1-2: Foul Ball, location: 2F
1-2: Foul Ball, location: 2F
1-2: SINGLE (Line Drive, 89S)
Henry Weber to second
Batting: RHB Jim Unknown 0-0: Ball
1-0: Ball
2-0: Ball
3-0: Swinging Strike
3-1: Bunted foul
3-2: Strikes out swinging
Batting: RHB Steven Grant 0-0: Ball
1-0: Ball
2-0: Ball
3-0: Called Strike
3-1: Called Strike
3-2: Base on Balls
Henry Weber to third
Tim Norris to second
Batting: RHB Aurelio Annunziato 0-0: Ball
1-0: Called Strike
1-1: SINGLE (Groundball, 56D) (infield hit)
Henry Weber scores
Tim Norris to third
Steven Grant to second
Batting: SHB Ted Hansen 0-0: Called Strike
0-1: Grounds into double play, U4-3 (Groundball, 4)
Bottom of the 5th over - 1 run(s), 2 hit(s), 0 error(s), 2 left on base; Atlantic City 0 - Ft. Polk South 2
TOP OF THE 6TH
Atlantic City Sonics batting - Pitching for Ft. Polk South Thunder Hawks : RHP Larry Neal
Batting: RHB Leonard Jones 0-0: Called Strike
0-1: Foul Ball, location: 2F
0-2: Strikes out swinging
Batting: RHB Josh Stafford 0-0: Ball
1-0: SINGLE (Line Drive, 56D)
Batting: RHB Edgar Stephenson 0-0: Ball
Wild Pitch!
Josh Stafford to second
1-0: Swinging Strike
1-1: Fly out, F4 (Line Drive, 4M)
Batting: SHB Jesús Cabañe 0-0: Foul Ball, location: 2F
0-1: Swinging Strike
0-2: Ball
1-2: TRIPLE (Line Drive, 89M)
Josh Stafford scores
Batting: LHB Neal Hart 0-0: Ball
1-0: Fly out, F7 (Flyball, 7LM)
Top of the 6th over - 1 run(s), 2 hit(s), 0 error(s), 1 left on base; Atlantic City 1 - Ft. Polk South 2
BOTTOM OF THE 6TH
Ft. Polk South Thunder Hawks batting - Pitching for Atlantic City Sonics : RHP R.J. Anderson
Batting: SHB Paul Wright 0-0: Ball
1-0: Ball
2-0: Ground out 4-3 (Groundball, 4)
Batting: RHB Clark Calhoun 0-0: Swinging Strike
0-1: Called Strike
0-2: Ball
1-2: Strikes out swinging
Batting: RHB Alfredo González 0-0: Swinging Strike
0-1: Foul Ball, location: 2F
0-2: Strikes out swinging
Bottom of the 6th over - 0 run(s), 0 hit(s), 0 error(s), 0 left on base; Atlantic City 1 - Ft. Polk South 2
TOP OF THE 7TH
Atlantic City Sonics batting - Pitching for Ft. Polk South Thunder Hawks : RHP Larry Neal
Batting: LHB Pedro López 0-0: Ball
1-0: Swinging Strike
1-1: Foul Ball, location: 2F
1-2: SINGLE (Line Drive, 4MD)
Batting: LHB Kip Burks 0-0: Sac Bunt - play at first, batter safe!
Pedro López to second
Batting: RHB César Ramírez 0-0: Called Strike
0-1: Sac Bunt - play at first, batter OUT! 1-3
Pedro López to third
Kip Burks to second
Pinch Hitting: RHB Jim Unknown 0-0: Ball
1-0: Swinging Strike
1-1: Foul Ball, location: 2F
1-2: Foul Ball, location: 2F
1-2: Ball
2-2: Ball
3-2: SINGLE (Line Drive, 4MD)
Pedro López scores
Kip Burks to third
Runner from 3rd tries for Home, SAFE, no throw or cutoff
Pinch Hitting: LHB Dale Parkinson 0-0: Called Strike
0-1: Ball
1-1: Called Strike
Jim Unknown steals 2nd base
1-2: Foul Ball, location: 2F
1-2: Foul Ball, location: 2F
1-2: Ball
2-2: SINGLE (Line Drive, 9LS)
Jim Unknown to third
Batting: RHB Josh Stafford Pickoff Throw to First - Error! E1
Jim Unknown scores
Dale Parkinson to second
0-0: Called Strike
0-1: Ball
1-1: Ball
2-1: Foul Ball, location: 2F
2-2: SINGLE (Line Drive, 34)
Dale Parkinson to third
Batting: RHB Edgar Stephenson 0-0: Called Strike
0-1: Ball
1-1: Ball
2-1: Grounds into double play, 4-6-3 (Groundball, 4)
Top of the 7th over - 3 run(s), 5 hit(s), 1 error(s), 1 left on base; Atlantic City 4 - Ft. Polk South 2
BOTTOM OF THE 7TH
Ft. Polk South Thunder Hawks batting - Pitching for Atlantic City Sonics : RHP R.J. Anderson
Now at 2B: Marty Hayden
Now in CF: Jim Unknown
Batting: RHB Henry Weber 0-0: Ball
1-0: Ball
2-0: DOUBLE (Line Drive, 8LXD)
Batting: RHB Tim Norris 0-0: Called Strike
0-1: Ball
1-1: Called Strike
1-2: Fly out, F8 (Flyball, 8RXD)
Runner from 2nd tags up, SAFE at 3rd, no throw
Batting: RHB Jim Unknown 0-0: Fly out, F4 (Popup, 4MD)
Batting: RHB Steven Grant 0-0: Ball
1-0: Called Strike
1-1: Ball
2-1: Fly out, F9 (Flyball, 89M)
Bottom of the 7th over - 0 run(s), 1 hit(s), 0 error(s), 1 left on base; Atlantic City 4 - Ft. Polk South 2
TOP OF THE 8TH
Atlantic City Sonics batting - Pitching for Ft. Polk South Thunder Hawks : RHP Larry Neal
Batting: SHB Jesús Cabañe 0-0: Ball
1-0: Fly out, F8 (Flyball, 8RM)
Batting: LHB Neal Hart 0-0: Called Strike
0-1: Ground out 5-3 (Groundball, 5)
Batting: LHB Pedro López 0-0: Ball
1-0: Ball
2-0: Ball
3-0: Base on Balls
Batting: LHB Kip Burks 0-0: Ball
1-0: Fielders Choice at 2nd, U4 (Groundball, 4M)
Top of the 8th over - 0 run(s), 0 hit(s), 0 error(s), 1 left on base; Atlantic City 4 - Ft. Polk South 2
BOTTOM OF THE 8TH
Ft. Polk South Thunder Hawks batting - Pitching for Atlantic City Sonics : RHP R.J. Anderson
Batting: RHB Aurelio Annunziato 0-0: Ball
1-0: Called Strike
1-1: Ground out 5-3 (Groundball, 56)
Batting: SHB Ted Hansen 0-0: Foul Ball, location: 2F
0-1: Ball
1-1: Foul Ball, location: 2F
1-2: Strikes out swinging
Batting: SHB Paul Wright 0-0: Ball
1-0: Ball
2-0: Ball
3-0: Base on Balls
Batting: RHB Clark Calhoun 0-0: Called Strike
0-1: Ball
1-1: Ball
2-1: Ball
3-1: Fly out, F6 (Line Drive, 6)
Bottom of the 8th over - 0 run(s), 0 hit(s), 0 error(s), 1 left on base; Atlantic City 4 - Ft. Polk South 2
TOP OF THE 9TH
Atlantic City Sonics batting - Pitching for Ft. Polk South Thunder Hawks : RHP Larry Neal
Batting: RHB César Ramírez 0-0: Ball
1-0: Ground out 2-3 (Groundball, 2L)
Batting: RHB Jim Unknown 0-0: Ball
1-0: Ball
2-0: Swinging Strike
2-1: Ball
3-1: Fly out, F8 (Popup, 8RS)
Batting: RHB Marty Hayden 0-0: Ball
1-0: Foul Ball, location: 2F
1-1: Ball
2-1: Ball
3-1: Foul Ball, location: 2F
3-2: Base on Balls
Batting: RHB Josh Stafford 0-0: Fly out, F4 (Line Drive, 4M)
Top of the 9th over - 0 run(s), 0 hit(s), 0 error(s), 1 left on base; Atlantic City 4 - Ft. Polk South 2
BOTTOM OF THE 9TH
Ft. Polk South Thunder Hawks batting - Pitching for Atlantic City Sonics : RHP R.J. Anderson
Batting: RHB Alfredo González 0-0: Ball
1-0: SINGLE (Flyball, 89S)
Pitching: LHP Miguel Canó
Pinch Hitting: RHB Jim Unknown 0-0: Fly out, F3 (Popup, 3F)
Pinch Hitting: RHB Joe Murray 0-0: Called Strike
0-1: Called Strike
0-2: Strikes out swinging
Batting: RHB Jim Unknown 0-0: Ball
1-0: Called Strike
1-1: Ball
2-1: Foul Ball, location: 2F
2-2: Foul Ball, location: 2F
2-2: Ball
3-2: Foul Ball, location: 2F
3-2: Foul Ball, location: 2F
3-2: Base on Balls
Alfredo González to second
Batting: RHB Steven Grant 0-0: Called Strike
0-1: Foul Ball, location: 2F
0-2: Strikes out swinging
Bottom of the 9th over - 0 run(s), 1 hit(s), 0 error(s), 2 left on base; Atlantic City 4 - Ft. Polk South 2
This league is powered by Out of the Park Baseball, the baseball management simulation game for PC, Mac and Linux
Friday, October 23rd, 2015 - OOTP Baseball 16.9 Build 39